 Dungeon Crawl Stone Soup version 0.19.1 (webtiles) character file.

472 empire the Skirmisher (level 7, -6/114 HPs)
             Began as an Ogre Berserker on Dec 12, 2016.
             Was a Believer of Trog.
             Mangled by a hornet (13 damage)
             ... on level 4 of the Dungeon.
             The game lasted 00:08:59 (3891 turns).

empire the Skirmisher (Ogre Berserker)              Turns: 3891, Time: 00:08:59

Health: -6/114     AC:  4    Str: 28    XL:     7   Next: 9%
Magic:  7/7        EV: 11    Int:  6    God:    Trog [**....]
Gold:   158        SH:  0    Dex: 11    Spells: 0 memorised, 6 levels left

rFire  . . .     SeeInvis .     a - +0 mace
rCold  . . .     Gourm    .     b - +0 animal skin
rNeg   . . .     Faith    .     (no shield)
rPois  .         Spirit   .     (helmet restricted)
rElec  .         Reflect  .     o - +0 cloak
rCorr  .         Harm     .     (gloves unavailable)
MR     ++...                    (boots unavailable)
Stlth  ..........               (no amulet)
                                (no ring)
                                (no ring)

@: berserking, lethally poisoned (-6 -> -7), regenerating, slowed
A: unfitting armour, tough skin 1
a: Berserk, Trog's Hand, Burn Spellbooks, Renounce Religion


You were on level 4 of the Dungeon.
You worshipped Trog.
Trog was pleased with you.
You were very hungry.

You visited 2 branches of the dungeon, and saw 5 of its levels.

You collected 158 gold pieces.

Inventory:

Hand Weapons
 a - a +0 mace (weapon)
 k - a +2 dagger of freezing
Armour
 b - a +0 animal skin (worn)
 o - a +0 cloak (worn)
Jewellery
 f - an uncursed ring of resist corrosion {unknown}
 h - an uncursed ring of ice {unknown}
Wands
 u - a wand of digging (3/24)
Scrolls
 d - 2 scrolls of amnesia {unknown}
 i - a scroll of fear {unknown}
 j - a scroll of enchant weapon {unknown}
 l - 4 scrolls of remove curse {unknown}
 q - a scroll of random uselessness {unknown}
 r - 5 scrolls of identify {unknown}
 t - a scroll of teleportation {unknown}
 v - a scroll of fog {unknown}
Potions
 e - 2 potions of curing
 g - a potion of flight
 s - a potion of heal wounds
 x - a potion of haste {unknown}
Comestibles
 c - 3 bread rations
 m - 2 fruits
 n - a royal jelly
 p - 2 slices of pizza
 w - a chunk of flesh


   Skills:
 + Level 6.8 Fighting
 + Level 6.6 Maces & Flails
 + Level 4.6 Dodging
 + Level 0.1 Evocations


You had 6 spell levels left.
You didn't know any spells.

Dungeon Overview and Level Annotations

Branches:
Dungeon (4/15)             Temple (1/1) D:4

Altars:
Ashenzari
Dithmenos
Elyvilon
Gozag
Hepliaklqana
Kikubaaqudgha
Makhleb
Qazlal
Ru
Uskayaw
Vehumet
Zin
The Shining One


Innate Abilities, Weirdness & Mutations

You are too large for most types of armour.
You have tough skin. (AC +1)


Message History

The hornet barely misses you.
A red film seems to cover your vision as you go berserk!
You feel yourself moving faster!
You feel mighty!
You are feeling hungry.
You feel sick. The hornet stings you!
* * * LOW HITPOINT WARNING * * *
You feel as though you will be slow longer.
The hornet stings you!
* * * LOW HITPOINT WARNING * * *
You are more poisoned.
You feel as though you will be slow longer.
You closely miss the hornet.
You are feeling very hungry.
You feel sick. The hornet closely misses you. The hornet stings you!
* * * LOW HITPOINT WARNING * * *
You feel as though you will be slow longer.
You thump the hornet!
The hornet is moderately wounded.
You feel sick. The hornet stings you!
You die...

#............
................
#.....#######
#################
#.....# #########
#.....# #........
#.....# #........
#.....## #.........
#......#
#.........#
####...###
#yw.......# #.....#
#@........#
#.###.##
#.........# #.
#..### #.(.......#
#. ##...#
#.........# #.
##...####........#
##§...§###.........
#§..§§§§##.######..
.#§§§....§§#.#
.§§§...§§§§..#


You could see a hornet and a worm.

Vanquished Creatures
  The ghost of asdu the Stinger, an amateur GrVM (D:4)
  A hound (D:4)
  3 orc wizards
  Natasha (twice) (D:3)
  Terence (D:3)
  A worker ant (D:4)
  2 adders (D:2)
  3 gnolls
  An ooze (D:3)
  A worm (D:3)
  3 dart slugs (D:1)
  6 leopard geckos
  3 orcs (D:3)
  2 ball pythons
  7 giant cockroaches
  6 goblins
  8 hobgoblins
  11 jackals
  7 kobolds
  3 quokkas
  A ball python skeleton (D:4)
  10 bats
  2 frilled lizards (D:1)
  7 rats
92 creatures vanquished.

Notes
Turn   | Place    | Note
-------+----------+-------------------------------------------
     0 | D:1      | empire the Ogre Berserker began the quest for the Orb.
     0 | D:1      | Reached XP level 1. HP: 24/24 MP: 1/1
    30 | D:1      | Reached XP level 2. HP: 20/33 MP: 2/2
   396 | D:1      | Reached XP level 3. HP: 28/40 MP: 3/3
   558 | D:1      | Reached ** piety under Trog
   920 | D:2      | Found a sacrificial altar of Ru.
   924 | D:2      | Reached skill level 5 in Fighting
   929 | D:2      | Reached XP level 4. HP: 29/50 MP: 4/4
   930 | D:2      | Reached skill level 5 in Maces & Flails
  1560 | D:2      | Reached XP level 5. HP: 47/57 MP: 5/5
  2496 | D:3      | Noticed Terence
  2508 | D:3      | Killed Terence
  2508 | D:3      | Reached XP level 6. HP: 52/67 MP: 6/6
  2626 | D:3      | Noticed Natasha
  2643 | D:3      | Killed Natasha
  2827 | D:3      | Noticed Natasha
  2834 | D:3      | Killed Natasha
  2836 | D:3      | Reached *** piety under Trog
  3181 | D:4      | Noticed asdu's ghost (amateur GrVM)
  3229 | D:4      | Killed asdu's ghost
  3331 | D:4      | Reached XP level 7. HP: 67/76 MP: 7/7
  3371 | D:4      | Found a staircase to the Ecumenical Temple.
  3377 | Temple   | Entered the Ecumenical Temple
  3852 | D:4      | Found a shadowy altar of Dithmenos.
  3883 | D:4      | Noticed a hornet
  3891 | D:4      | Mangled by a hornet

Skill      XL: |  1  2  3  4  5  6 |
---------------+-------------------+-----
Dodging        | 3 4 |  4.6
Fighting       | 5 6 |  6.8
Maces & Flails | 5 6 |  6.6
Evocations     | |  0.1

Action                   |  1- 3 |  4- 6 |  7- 9 || total
-------------------------+-------+-------+-------++-------
Melee: Mace              |   110 |   193 |    10 ||   313
Invok: Berserk           |     1 |       |     1 ||     2
       Trog's Hand       |       |     2 |     1 ||     3
  Use: Potion            |       |     8 |       ||     8
 Stab: Sleeping          |     1 |       |       ||     1
       Paralysed         |       |     1 |       ||     1
       Invisible         |       |     1 |       ||     1
  Eat: Chunk             |     1 |     8 |     3 ||    12
Armor: Animal skin       |    46 |    59 |     1 ||   106
Dodge: Dodged            |    80 |   148 |     4 ||   232
